 Dungeon Crawl Stone Soup version 0.17.1-2-g5865329 (webtiles) character file.

2614 FortyThree the Martial Artist (level 9, 0/61 HPs)
             Began as an Octopode Transmuter on Jan 28, 2016.
             Was an Initiate of Gozag.
             Hit by a stone thrown by an orc warrior (11 damage)
             ... in a bailey.
             The game lasted 00:21:03 (10568 turns).

FortyThree the Martial Artist (OpTm)               Turns: 10568, Time: 00:21:03

Health: 0/61       AC:  1    Str: 15    XL:     9   Next: 60%
Magic:  12/12      EV: 16    Int: 16    God:    Gozag
Gold:   443        SH:  0    Dex: 15    Spells: 1 memorised, 11 levels left

rFire  . . .     SeeInvis +       - Unarmed
rCold  . . .     Clarity  .     (no shield)
rNeg   + . .     SustAt   .     (helmet restricted)
rPois  .         Gourm    .     (no amulet)
rElec  .         Spirit   .     l - +6 ring of strength
rCorr  .         Warding  .     h - ring of positive energy
rMut   .         Stasis   .     r - ring of see invisible
MR     .....                    (no ring)
Stlth  +++.......               (no ring)
                                (no ring)
                                (no ring)
                                (no ring)

@: appendage (expiring), not resistant to hostile enchantments, fairly stealthy
A: almost no armour, amphibious, 8 rings, constrict 8, tentacle spike 3,
camouflage 1, gelatinous body 1
a: End Transformation, Potion Petition, Call Merchant, Bribe Branch, Renounce
Religion


You were in a bailey.
You worshipped Gozag.
Gozag was noncommittal.
You were very hungry.
One of your tentacles had a temporary spike.
You visited 2 branches of the dungeon, and saw 8 of its levels.
You also visited: Bailey.

You collected 829 gold pieces.
You paid 386 gold pieces to Gozag.

Inventory:

Missiles
 a - 29 arrows
 d - 144 stones (quivered)
Jewellery
 f - the ring "Yklilaq" {rElec rPois Str-3 Int+4 Stlth+, unknown}
   (You took it off a hobgoblin in a bailey)

   [ring of stealth]

   It affects your strength (-3).
   It affects your intelligence (+4).
   It insulates you from electricity.
   It protects you from poison.
   It makes you more stealthy.
 h - a ring of positive energy (right tentacle)
 l - a +6 ring of strength (left tentacle)
 r - a ring of see invisible (on tentacle)
Wands
 c - a wand of paralysis (7)
Scrolls
 e - 3 scrolls of identify
 n - 2 scrolls of recharging
 p - 4 scrolls of remove curse
Potions
 g - 2 potions of curing
 j - a potion of flight {unknown}
 k - a potion of brilliance {unknown}
 m - a potion of mutation {unknown}
 o - a potion of agility {unknown}
 q - a potion of poison {unknown}
 v - 2 potions of resistance {unknown}
Books
 b - a book of Changes

   Spells                             Type                      Level
   a - Beastly Appendage              Transmutation                1
   b - Sticks to Snakes               Transmutation                2
   c - Spider Form                    Transmutation/Poison         3
   d - Ice Form                       Ice/Transmutation            4
   e - Blade Hands                    Transmutation                5
 w - a book of Conjurations

   Spells                             Type                      Level
   a - Magic Dart                     Conjuration                  1
   b - Searing Ray                    Conjuration                  2
   c - Dazzling Spray                 Conjuration/Hexes            3
   d - Fulminant Prism                Conjuration/Hexes            4
   e - Iskenderun's Mystic Blast      Conjuration                  4
   f - Iskenderun's Battlesphere      Conjuration/Charms           5


   Skills:
 - Level 5.3 Fighting
 + Level 7.0 Dodging
 + Level 9.9 Unarmed Combat
 - Level 2.0 Spellcasting
 - Level 2.0 Transmutations


You had 11 spell levels left.
You knew the following spells:

 Your Spells              Type           Power        Failure   Level  Hunger
a - Beastly Appendage     Trmt           #.....       10%         1    #......


Dungeon Overview and Level Annotations

Branches:
Dungeon (7/15)             Temple (1/1) D:4

Altars:
Ashenzari
Fedhas
Gozag
Nemelex Xobeh
Okawaru
Qazlal
Ru
Sif Muna
Trog
Vehumet
Xom
Yredelemnul
Zin
The Shining One


Innate Abilities, Weirdness & Mutations

You cannot wear most types of armour.
You are amphibious.
You can wear up to eight rings at the same time.
You can use your tentacles to constrict eight enemies at once.
Your skin changes colour to match your surroundings (Stealth).
Your rubbery body absorbs attacks (AC +1).
One of your tentacles bears a large vicious spike.


Message History

You are too injured to fight recklessly!
You release your grip on the orc warrior.
Drop what? 19/52 slots (_ for help) (? for menu, Esc to quit)
Okay, then.
Throwing (i - inventory):
d - 146 stones (quivered)
Press: ? - help, Shift-Dir - straight line, f - orc warrior
Aim: an orc warrior, wielding a war axe and wearing a scale mail (almost dead)
You throw a stone. The stone misses the orc warrior.
The kobold shouts!
The stone hits the orc but does no damage.
Throwing (i - inventory):
d - 145 stones (quivered)
Press: ? - help, Shift-Dir - straight line, f/p - orc warrior
Aim: an orc warrior, wielding a war axe and wearing a scale mail (almost dead)
You throw a stone.
The stone hits the orc warrior but does no damage.
The orc warrior is almost dead.
Your transformation is almost over.
The orc warrior throws a stone.
The stone hits you!
You die...
Your body crumbles into a pile of gold.

##......(..#'## #### #.
#....(⌠..(.#$.# #..# #.
##......(###..# ..K #..# #.
########...K.# '..####'####..' #.
≈≈≈≈≈≈#....o(###.... ... ....###.
≈≈≈≈≈≈≈≈≈≈..(oo#..####'####..#.≈≈
≈###≈≈≈≈≈≈≈≈(≈(####..g....####≈≈≈
## ###.....≈≈≈≈≈≈∩#KKKo...#∩≈≈≈≈≈
##......≈≈≈@≈#########≈≈≈≈##
##.......≈≈(≈≈≈≈≈≈≈≈≈≈≈###
###........≈≈≈≈≈≈≈≈≈###
####...=.........##
####......∩..## ###.......##
####.....## ####...## ##...###


You could see 2 orc warriors, an orc and a kobold.

Vanquished Creatures
  An orc knight (Bailey)
  The ghost of simpaon the Conjurer, an amateur OpAE (D:3)
  7 orc warriors
  A phantom (D:4)
  3 ogres (D:4)
  2 centaurs
  2 giant frogs (D:6)
  A water moccasin skeleton (D:5)
  A killer bee (D:6)
  A hound (D:5)
  A jelly (D:6)
  A centaur skeleton (D:5)
  An orc priest (D:4)
  4 orc wizards
  4 worker ants
  An iguana (D:4)
  A hound skeleton (D:4)
  9 adders
  5 gnolls
  4 worms
  2 giant geckos (D:5)
  26 orcs
  7 giant cockroaches
  6 goblins
  16 hobgoblins
  11 jackals
  19 kobolds
  6 quokkas
  5 bats
  A giant cockroach zombie (D:5)
  6 giant newts
  2 quokka skeletons
  8 rats
166 creatures vanquished.

Notes
Turn   | Place    | Note
--------------------------------------------------------------
     0 | D:1      | FortyThree the Octopode Transmuter began the quest for the Orb.
     0 | D:1      | Reached XP level 1. HP: 13/13 MP: 3/3
   394 | D:1      | Reached XP level 2. HP: 6/18 MP: 5/5
  1474 | D:2      | Reached skill level 4 in Unarmed Combat
  1578 | D:2      | Reached XP level 3. HP: 17/23 MP: 6/6
  1663 | D:2      | Found an iron altar of Okawaru.
  2619 | D:2      | Reached XP level 4. HP: 26/28 MP: 7/7
  2861 | D:2      | Found a shimmering altar of Xom.
  2893 | D:2      | Reached skill level 5 in Unarmed Combat
  3544 | D:3      | Noticed simpaon's ghost (amateur OpAE)
  3561 | D:3      | Killed simpaon's ghost
  3561 | D:3      | Reached XP level 5. HP: 18/36 MP: 8/8
  3763 | D:3      | Reached XP level 6. HP: 33/41 MP: 9/9
  4162 | D:3      | Reached skill level 6 in Unarmed Combat
  4190 | D:3      | Found a sacrificial altar of Ru.
  4874 | D:4      | Found a staircase to the Ecumenical Temple.
  4897 | Temple   | Entered the Ecumenical Temple
  4963 | Temple   | Became a worshipper of Gozag Ym Sagoz the Greedy
  5110 | D:4      | Found a shattered altar of Ashenzari.
  5164 | D:4      | Reached XP level 7. HP: 20/48 MP: 10/10
  5868 | D:4      | Reached skill level 7 in Unarmed Combat
  5996 | D:4      | Reached skill level 5 in Fighting
  6259 | D:5      | Entered Level 5 of the Dungeon
  6347 | D:5      | Found a basalt altar of Yredelemnul.
  6553 | D:5      | Reached XP level 8. HP: 34/55 MP: 11/11
  6888 | D:5      | Found a bloodstained altar of Trog.
  7512 | D:6      | Found a glowing golden altar of the Shining One.
  7874 | D:6      | Found a deep blue altar of Sif Muna.
  8161 | D:6      | Reached skill level 8 in Unarmed Combat
  8872 | D:6      | Reached skill level 5 in Dodging
  9184 | D:6      | Reached XP level 9. HP: 21/61 MP: 12/12
  9229 | D:7      | Found a flagged portal.
  9234 | Bailey   | Entered a bailey
  9506 | Bailey   | Noticed an orc knight
  9553 | Bailey   | Reached skill level 9 in Unarmed Combat
  9783 | Bailey   | Killed an orc knight
 10145 | Bailey   | Got a shimmering ivory ring
 10568 | Bailey   | Hit by a stone thrown by an orc warrior

Action                   |  1- 3 |  4- 6 |  7- 9 || total
-------------------------+-------+-------+-------++-------
Melee: Unarmed           |    72 |   153 |   227 ||   452
Throw: Stone             |    16 |    11 |    22 ||    49
 Cast: Beastly Appendage |       |       |     7 ||     7
Invok: Potion Petition   |       |       |     2 ||     2
Evoke: Wand              |       |       |     1 ||     1
  Use: Scroll            |     6 |       |     4 ||    10
       Potion            |       |       |     3 ||     3
 Stab: Sleeping          |     5 |    10 |     3 ||    18
       Invisible         |       |       |     2 ||     2
       Distracted        |       |       |     3 ||     3
       Paralysed         |       |       |    11 ||    11
  Eat: Chunk             |     4 |     8 |       ||    12
       Bread ration      |       |     1 |     1 ||     2
       Beef jerky        |       |       |     2 ||     2
       Meat ration       |       |       |     1 ||     1
